 Dungeon Crawl Stone Soup version 0.23-a0-169-gb21e695 (webtiles) character file.

184 KristoblXynda the Ruffian (level 5, 0/45 HPs)
             Began as a Troll Wizard on Sept 11, 2018.
             Succumbed to an adder's poison
             ... on level 3 of the Dungeon.
             The game lasted 00:04:33 (1750 turns).

KristoblXynda the Ruffian (Troll Wizard)            Turns: 1750, Time: 00:04:35

Health: 0/45       AC:  6    Str: 15    XL:     5   Next: 36%
Magic:  7/7        EV:  9    Int: 15    God:
Gold:   89         SH:  0    Dex:  8    Spells: 7/8 levels left

rFire    . . .     SeeInvis .     - Unarmed
rCold    . . .     Gourm    +   (no shield)
rNeg     . . .     Faith    .   a - +0 robe
rPois    .         Spirit   .   b - +1 hat
rElec    .         Reflect  .   (no cloak)
rCorr    .         Harm     .   (gloves unavailable)
MR       .....                  (boots unavailable)
Stlth    +.........             (no amulet)
HPRegen  0.55/turn              (no ring)
MPRegen  0.10/turn              (no ring)

@: lethally poisoned (0 -> -1)
A: large, unfitting armour, claws 3, fast metabolism 3, gourmand, regeneration
1, shaggy fur 1, tough skin 2
a: no special abilities


You were on level 3 of the Dungeon.
You were completely stuffed.

You visited 1 branch of the dungeon, and saw 3 of its levels.

You collected 89 gold pieces.

Inventory:

Armour
 a - a +0 robe (worn)
 b - a +1 hat (worn)
Jewellery
 f - an uncursed amulet of guardian spirit
 g - an uncursed ring of fire
 h - an uncursed ring of ice
Scrolls
 c - a scroll of teleportation
Potions
 j - a potion of brilliance
 m - a potion of flight {unknown}
 o - 2 potions of agility
 p - a potion of might {unknown}
Comestibles
 d - 8 rations
 k - 7 chunks of flesh


   Skills:
 - Level 1.5 Dodging
 - Level 1.0 Stealth
 * Level 4.2 Unarmed Combat
 - Level 2.0 Spellcasting
 + Level 2.2 Conjurations
   Level 0.6 Summonings
   Level 0.6 Translocations


You had 7 spell levels left.
You knew the following spells:

 Your Spells              Type           Power        Failure   Level  Hunger
a - Magic Dart            Conj           #...         9%          1    #......

Your spell library contained the following spells:

 Spells                   Type           Power        Failure   Level  Hunger
 Blink                    Tloc           N/A          26%         2    ###....
 Call Imp                 Summ           #.......     26%         2    ###....
 Slow                     Hex            #.......     32%         2    ###....
 Conjure Flame            Conj/Fire      #.......     38%         3    ###....
 Mephitic Cloud           Conj/Pois/Air  #.......     45%         3    ###....


Dungeon Overview and Level Annotations

Branches:
Dungeon (3/15)

Altars:
Nemelex Xobeh
Xom


Innate Abilities, Weirdness & Mutations

You are too large for most types of armour.
You have claws for hands.
Your metabolism is lightning-fast.
You like to eat raw meat.
Your natural rate of healing is unusually fast.
You are covered in fur. (AC +1)
You have very tough skin. (AC +2)


Message History

Your Unarmed Combat skill increases to level 4!
You scratch the orc priest. You claw the orc priest!
The orc priest is severely wounded.
You feel sick.
The orc priest hits you with a hand axe!
You scratch the orc priest but do no damage.
The orc priest is severely wounded.
The orc priest hits you with a hand axe!
* * * LOW HITPOINT WARNING * * *
You scratch the orc priest.
The orc priest is almost dead.
The orc priest looks braver for a moment.
You barely miss the orc priest.
The orc priest is almost dead.
The orc priest calls down the wrath of Beogh upon you.
Beogh smites you!
* * * LOW HITPOINT WARNING * * *
You closely miss the orc priest.
The orc priest is almost dead.
You die...

### #.. #.# .#
#.# .# #.##.##
#.#... #o#..#
#@#..# #.#..#
#....# ###.## #.#
##+# #.# ##...##
#.## ##.....#
#..## ##.......
##...####........


You could see an orc priest.

Vanquished Creatures
  An orc priest (D:3)
  2 orc wizards (D:3)
  2 adders (D:3)
  A dart slug (D:2)
  8 orcs (D:3)
  6 bats
  6 giant cockroaches
  12 goblins
  7 hobgoblins
  A quokka (D:2)
  A ball python (D:1)
  4 frilled lizards
  10 kobolds
  7 rats
68 creatures vanquished.

Notes
Turn   | Place    | Note
-------+----------+-------------------------------------------
     0 | D:1      | KristoblXynda the Troll Wizard began the quest for the Orb.
     0 | D:1      | Reached XP level 1. HP: 16/16 MP: 2/2
   109 | D:1      | Reached skill level 1 in Unarmed Combat
   113 | D:1      | Reached skill level 1 in Conjurations
   115 | D:1      | Reached XP level 2. HP: 17/24 MP: 4/4
   728 | D:2      | Reached skill level 2 in Unarmed Combat
   774 | D:2      | Reached XP level 3. HP: 31/31 MP: 5/5
  1047 | D:2      | Found a shimmering altar of Xom.
  1107 | D:2      | Found a sparkling altar of Nemelex Xobeh.
  1480 | D:3      | Reached skill level 3 in Unarmed Combat
  1480 | D:3      | Reached XP level 4. HP: 38/39 MP: 6/6
  1647 | D:3      | Reached XP level 5. HP: 26/45 MP: 7/7
  1745 | D:3      | Reached skill level 4 in Unarmed Combat
  1749 | D:3      | HP: 1/45 [orc priest/divine providence (13)]
  1750 | D:3      | Succumbed to an adder's poison

Vault maps used:
D:1:      erik_arrival_blinker_ship
D:2:      nemelex_xobeh_ov_fountains_minmay, lemuel_round_altar,
          nrook_mini_backslash, corner_web_ring
D:3:      minmay_misc_feat_diagonals, minmay_misc_feat_cross, uniq_sigmund

Skill      XL: |  1  2  3  4  5 |
---------------+----------------+-----
Unarmed Combat | 1 2 3 4 |  4.2
Conjurations   | 1 2 |  2.2
Dodging        | |  1.5
Stealth        | |  1.0
Spellcasting   | |  2.0
Summonings     | |  0.6
Translocations | |  0.6

Action                   |  1- 3 |  4- 6 || total
-------------------------+-------+-------++-------
Melee: Unarmed           |   172 |    60 ||   232
       Punch             |     1 |     1 ||     2
  Use: Scroll            |     7 |     4 ||    11
  Eat: Chunk             |    18 |     4 ||    22
Armor: Robe              |    85 |    20 ||   105
Dodge: Dodged            |    93 |    21 ||   114

Table legend:
 A = Non-vault XP
 B = Vault XP
 C = Vault XP percentage of total XP
 D = Non-vault monster count
 E = Vault monster count
 F = Vault count percentage of total count
                 A         B        C        D         E       F
            +---------+---------+-------+---------+---------+-------
      Total |     264 |       0 |   0.0 |      68 |       0 |   0.0
            +---------+---------+-------+---------+---------+-------
        D:1 |      31 |       0 |   0.0 |      18 |       0 |   0.0
        D:2 |      44 |       0 |   0.0 |      27 |       0 |   0.0
        D:3 |     189 |       0 |   0.0 |      23 |       0 |   0.0
            +---------+---------+-------+---------+---------+-------
